[Event "Mitropa Online Cup Women 2021"]
[Site "Hybrid"]
[Date "2021.05.04"]
[Round "4.1"]
[White "Lubbe, Melanie"]
[Black "Gaal, Zsoka"]
[Result "0-1"]
[ECO "B11"]
[WhiteElo "2274"]
[BlackElo "2169"]
[Annotator "NA"]
[PlyCount "184"]
[EventDate "2021.05.04"]
[EventType "team-tourn"]
[EventCountry "NET"]
[SourceTitle "playchess.com"]
[Source "ChessBase"]
[SourceQuality "1"]
[WhiteTeam "Germany"]
[BlackTeam "Hungary"]
[WhiteTeamCountry "GER"]
[BlackTeamCountry "HUN"]
[TimeControl "40/5400+30:1800+30"]

1. e4 c6 2. Nc3 d5 3. Nf3 Bg4 4. h3 Bxf3 5. Qxf3 e6 6. Be2 Bc5 7. O-O Nd7 8. Rd1 d4 9. Nb1 Ne5 10. Qg3 d3 11. Qxe5 Bd4 12. Qg3 dxc2 13. Rf1 cxb1=Q 14. Rxb1 h5 15. b4 h4 16. Qf3 Nf6 17. Bc4 Qd6 18. d3 Nd7 19. Bf4 Ne5 20. Qe2 O-O-O 21. Kh1 Rdg8 22. Bh2 g5 23. f3 Kd7 24. Qc2 Ke7 25. b5 c5 26. Bb3 b6 27. a4 Qd7 28. Qd2 f6 29. Rbc1 Ng6 30. Rc2 Be5 31. Bxe5 Nxe5 32. f4 gxf4 33. Qxf4 Rg6 34. Rd2 Qd4 35. Rfd1 Rhg8 36. Bc4 Rg3 37. Rf1 R8g6 38. Rdf2 Qe3 39. Qxe3 Rxe3 40. Rf4 Nxd3 41. Rxh4 Rg7 42. a5 bxa5 43. Ra1 Re1+ 44. Rxe1 Nxe1 45. e5 fxe5 46. Rh6 Kf8 47. g4 a4 48. Rxe6 Re7 49. Rf6+ Kg7 50. Rf2 e4 51. Re2 Nf3 52. Kg2 Nd4 53. Re3 Nc2 54. Rc3 Nb4 55. Kf2 Rd7 56. Ra3 Rd2+ 57. Be2 Rd4 58. Rc3 Nd3+ 59. Ke3 Kf6 60. Rxc5 Nxc5 61. Kxd4 Nb3+ 62. Kc3 Nc1 63. Bc4 a3 64. Kd4 a2 65. Bxa2 Nxa2 66. Kxe4 Nc3+ 67. Kd4 Nxb5+ 68. Kc5 Nc7 69. Kb4 Ke7 70. Ka5 Kd7 71. h4 Kc8 72. g5 Ne6 73. g6 Ng7 74. Ka6 Kb8 75. Ka5 Kb7 76. Kb5 a6+ 77. Kc5 Kc7 78. Kb4 Kb6 79. Ka4 a5 80. Ka3 Kb5 81. Kb3 a4+ 82. Ka3 Ka5 83. Ka2 Kb4 84. Kb2 a3+ 85. Ka2 Ka4 86. h5 Nxh5 87. Kb1 Kb3 88. Ka1 Ng7 89. Kb1 Nf5 90. Ka1 Nd4 91. g7 Nc2+ 92. Kb1 a2+ 0-1

[Event "Mitropa Online Cup Women 2021"]
[Site "Hybrid"]
[Date "2021.05.04"]
[Round "4.1"]
[White "Schneider, Jana"]
[Black "Terbe, Julianna"]
[Result "1-0"]
[ECO "C95"]
[WhiteElo "2272"]
[BlackElo "2267"]
[Annotator "NA"]
[PlyCount "89"]
[EventDate "2021.05.04"]
[EventType "team-tourn"]
[EventCountry "NET"]
[SourceTitle "playchess.com"]
[Source "ChessBase"]
[SourceQuality "1"]
[WhiteTeam "Germany"]
[BlackTeam "Hungary"]
[WhiteTeamCountry "GER"]
[BlackTeamCountry "HUN"]
[TimeControl "40/5400+30:1800+30"]

1. e4 e5 2. Nf3 Nc6 3. Bb5 a6 4. Ba4 Nf6 5. O-O Be7 6. Re1 b5 7. Bb3 d6 8. c3 O-O 9. h3 Nb8 10. d4 Nbd7 11. Nbd2 Bb7 12. Bc2 Re8 13. Nf1 g6 14. Ng3 Bf8 15. Bg5 h6 16. Bd2 Bg7 17. a4 c6 18. Qb1 Qc7 19. Qa2 Re7 20. Rad1 Nb6 21. Be3 Nfd7 22. h4 exd4 23. cxd4 d5 24. h5 Nc4 25. hxg6 fxg6 26. e5 Nf8 27. Nh4 c5 28. Bxg6 cxd4 29. Bxd4 Bxe5 30. Ngf5 Re6 31. Nxh6+ Kg7 32. N6f5+ Kf6 33. Bh5 Bxd4 34. Nxd4 Rxe1+ 35. Rxe1 Qh7 36. g4 Qd3 37. Nhf3 Nd2 38. g5+ Kg7 39. Re7+ Kh8 40. Qa1 Rc8 41. Rxb7 Nb1 42. b4 Rc1+ 43. Kh2 Qf1 44. Ne2+ Nc3 45. Nxc1 1-0

[Event "Mitropa Online Cup Women 2021"]
[Site "Hybrid"]
[Date "2021.05.04"]
[Round "4.1"]
[White "Juhasz, Barbara"]
[Black "Muetsch, Annmarie"]
[Result "1/2-1/2"]
[ECO "C01"]
[WhiteElo "2211"]
[BlackElo "2266"]
[Annotator "NA"]
[PlyCount "149"]
[EventDate "2021.05.04"]
[EventType "team-tourn"]
[EventCountry "NET"]
[SourceTitle "playchess.com"]
[Source "ChessBase"]
[SourceQuality "1"]
[WhiteTeam "Hungary"]
[BlackTeam "Germany"]
[WhiteTeamCountry "HUN"]
[BlackTeamCountry "GER"]
[TimeControl "40/5400+30:1800+30"]

1. e4 e6 2. d4 d5 3. Bd3 dxe4 4. Bxe4 Nf6 5. Bf3 c5 6. Ne2 Nc6 7. Be3 Nd5 8. Bxd5 Qxd5 9. Nbc3 Qxg2 10. Rg1 Qxh2 11. Bf4 Qh3 12. Nb5 f6 13. Nc7+ Kf7 14. Nxa8 cxd4 15. Nxd4 Bb4+ 16. c3 Bxc3+ 17. bxc3 Qxc3+ 18. Bd2 Qxd4 19. Rc1 Bd7 20. Be3 Qxd1+ 21. Rxd1 Ne5 22. f4 Nf3+ 23. Kf2 Bc6 24. Rh1 Rxa8 25. Rh3 e5 26. Rxf3 Bxf3 27. Kxf3 exf4 28. Kxf4 Ke6 29. Bc5 g5+ 30. Kg4 Rc8 31. Bxa7 Ra8 32. Re1+ Kf7 33. Bc5 Ra4+ 34. Kg3 Rxa2 35. Re7+ Kg6 36. Rxb7 h5 37. Bd4 Ra5 38. Rb6 Rf5 39. Rb8 h4+ 40. Kg2 Rf4 41. Be3 Ra4 42. Bf2 Kf5 43. Rb6 Ra2 44. Kg1 Ra4 45. Kg2 Rg4+ 46. Kh3 Rf4 47. Rb5+ Kg6 48. Kg2 f5 49. Rb8 Ra4 50. Rf8 Ra5 51. Rh8 Ra2 52. Kg1 Ra4 53. Kg2 Kf6 54. Rh6+ Ke5 55. Rh5 Kf6 56. Rh6+ Kf7 57. Rb6 Re4 58. Rh6 Re6 59. Rh8 Kg7 60. Bd4+ Kg6 61. Kh3 Rd6 62. Rg8+ Kh5 63. Rh8+ Rh6 64. Rf8 f4 65. Rg8 Rd6 66. Rh8+ Kg6 67. Bf2 Kf5 68. Rf8+ Ke6 69. Kg4 Rd2 70. Bxh4 gxh4 71. Rxf4 Ke5 72. Rf3 Rd4+ 73. Kh5 Rf4 74. Rxf4 Kxf4 75. Kxh4 1/2-1/2

[Event "Mitropa Online Cup Women 2021"]
[Site "Hybrid"]
[Date "2021.05.04"]
[Round "4.1"]
[White "Karacsonyi, Kata"]
[Black "Sieber, Fiona"]
[Result "1-0"]
[ECO "C77"]
[WhiteElo "2138"]
[BlackElo "2275"]
[Annotator "NA"]
[PlyCount "71"]
[EventDate "2021.05.04"]
[EventType "team-tourn"]
[EventCountry "NET"]
[SourceTitle "playchess.com"]
[Source "ChessBase"]
[SourceQuality "1"]
[WhiteTeam "Hungary"]
[BlackTeam "Germany"]
[WhiteTeamCountry "HUN"]
[BlackTeamCountry "GER"]
[TimeControl "40/5400+30:1800+30"]

1. e4 e5 2. Nf3 Nc6 3. Bb5 a6 4. Ba4 Nf6 5. O-O Be7 6. d3 d6 7. c3 O-O 8. Nbd2 b5 9. Bc2 d5 10. d4 exd4 11. Nxd4 Nxd4 12. cxd4 dxe4 13. Nxe4 Bb7 14. f3 Re8 15. Qd3 g6 16. a4 Nxe4 17. fxe4 c5 18. d5 c4 19. Qf3 f6 20. axb5 axb5 21. Rxa8 Bxa8 22. Be3 Bf8 23. Bd4 Bg7 24. Bxf6 Qb6+ 25. Qf2 Qxf2+ 26. Rxf2 Bxf6 27. Rxf6 b4 28. b3 c3 29. Rb6 Bxd5 30. exd5 Re2 31. Rb8+ Kf7 32. d6 Rd2 33. d7 Rxd7 34. Rxb4 Rd2 35. Rf4+ Ke6 36. Rf2 1-0

[Event "Mitropa Online Cup Women 2021"]
[Site "Hybrid"]
[Date "2021.05.04"]
[Round "4.2"]
[White "Trippold, Denise"]
[Black "Sankova, Stella"]
[Result "0-1"]
[ECO "A13"]
[WhiteElo "2145"]
[BlackElo "2087"]
[Annotator "NA"]
[PlyCount "50"]
[EventDate "2021.05.04"]
[EventType "team-tourn"]
[EventCountry "NET"]
[SourceTitle "playchess.com"]
[Source "ChessBase"]
[SourceQuality "1"]
[WhiteTeam "Austria"]
[BlackTeam "Slovakia"]
[WhiteTeamCountry "AUT"]
[BlackTeamCountry "SVK"]
[TimeControl "40/5400+30:1800+30"]

1. Nf3 d5 2. c4 e6 3. g3 dxc4 4. Qa4+ Nd7 5. Qxc4 a6 6. Qc2 b5 7. Bg2 Bb7 8. a4 c5 9. Nc3 Qb6 10. d3 Ngf6 11. O-O Be7 12. h3 O-O 13. b3 Nd5 14. Nxd5 Bxd5 15. Bb2 Rab8 16. Nd2 Rfc8 17. Rfb1 Nf6 18. Qc3 Bf8 19. Qe5 h6 20. Rc1 Bd6 21. Qc3 c4 22. Ne4 Bxe4 23. dxe4 b4 24. a5 bxc3 25. axb6 cxb2 0-1

[Event "Mitropa Online Cup Women 2021"]
[Site "Hybrid"]
[Date "2021.05.04"]
[Round "4.2"]
[White "Taragelova, Martina"]
[Black "Hapala, Elisabeth"]
[Result "0-1"]
[ECO "B41"]
[WhiteElo "2010"]
[BlackElo "2120"]
[Annotator "NA"]
[PlyCount "124"]
[EventDate "2021.05.04"]
[EventType "team-tourn"]
[EventCountry "NET"]
[SourceTitle "playchess.com"]
[Source "ChessBase"]
[SourceQuality "1"]
[WhiteTeam "Slovakia"]
[BlackTeam "Austria"]
[WhiteTeamCountry "SVK"]
[BlackTeamCountry "AUT"]
[TimeControl "40/5400+30:1800+30"]

1. e4 c5 2. Nf3 e6 3. d4 cxd4 4. Nxd4 a6 5. c4 Nf6 6. Nc3 Qc7 7. Be2 Bb4 8. O-O O-O 9. Qd3 Bxc3 10. bxc3 d6 11. f4 Nbd7 12. Nb3 b6 13. Ba3 Nc5 14. Nxc5 bxc5 15. Rfd1 Qa5 16. Bc1 Bb7 17. Bf3 Rfd8 18. Be3 Rd7 19. Rd2 Rad8 20. Rad1 Qa4 21. Bf2 a5 22. Qe2 Ba6 23. e5 Bxc4 24. Qe3 dxe5 25. fxe5 Rxd2 26. Rxd2 Rxd2 27. Qxd2 Nd5 28. Qb2 h6 29. a3 Bb5 30. h3 Qc4 31. Bxd5 exd5 32. Qd2 a4 33. Qe3 Qf1+ 34. Kh2 d4 35. cxd4 Bc6 36. Qg3 c4 37. Be1 Bxg2 38. Qxg2 Qxe1 39. Qg4 Qf2+ 40. Kh1 Qf1+ 41. Kh2 g6 42. Qe4 Qd3 43. Qh4 c3 44. Qd8+ Kh7 45. Qc7 Qd2+ 46. Kg3 Qe3+ 47. Kg2 Qe4+ 48. Kh2 Qf4+ 49. Kg2 Qg5+ 50. Kh2 Qd2+ 51. Kg3 Kg7 52. e6 Qe3+ 53. Kg2 Qe2+ 54. Kg1 Qxe6 55. Qxc3 Qb3 56. Qc5 Qg3+ 57. Kf1 Qxh3+ 58. Ke1 Qe3+ 59. Kf1 h5 60. Qd6 h4 61. d5 Qf3+ 62. Kg1 Qg3+ 0-1

[Event "Mitropa Online Cup Women 2021"]
[Site "Hybrid"]
[Date "2021.05.04"]
[Round "4.3"]
[White "Worek, Joanna"]
[Black "Thomas, Anysia"]
[Result "0-1"]
[ECO "D85"]
[WhiteElo "2322"]
[BlackElo "2164"]
[Annotator "NA"]
[PlyCount "112"]
[EventDate "2021.05.04"]
[EventType "team-tourn"]
[EventCountry "NET"]
[SourceTitle "playchess.com"]
[Source "ChessBase"]
[SourceQuality "1"]
[WhiteTeam "Czech Republic"]
[BlackTeam "France"]
[WhiteTeamCountry "CZE"]
[BlackTeamCountry "FRA"]
[TimeControl "40/5400+30:1800+30"]

1. d4 Nf6 2. c4 g6 3. Nc3 d5 4. cxd5 Nxd5 5. e4 Nxc3 6. bxc3 Bg7 7. Be3 c5 8. Nf3 Nc6 9. Rc1 Qa5 10. d5 Ne5 11. Nxe5 Bxe5 12. Qd2 Bg7 13. Be2 Bd7 14. O-O O-O 15. f4 e6 16. Bf3 exd5 17. exd5 Rfe8 18. Bf2 Bb5 19. Rfd1 Ba4 20. Re1 Rxe1+ 21. Bxe1 c4 22. Bf2 Rd8 23. Bd4 Bh6 24. Re1 Qc7 25. g3 Bf8 26. Kg2 b6 27. h4 Re8 28. Rh1 h5 29. f5 Qd6 30. Qg5 Kh7 31. Qf4 Qxf4 32. gxf4 Bd6 33. fxg6+ fxg6 34. f5 gxf5 35. Bxh5 Rg8+ 36. Kf2 Bc2 37. Bf3 Bd3 38. Rh3 Bb1 39. Be2 Bxa2 40. Re3 Bb1 41. Bxc4 Be4 42. Kf1 Rg4 43. Bd3 Rxh4 44. Bxe4 fxe4 45. c4 Kg6 46. Rb3 Kf5 47. Bf2 Rh1+ 48. Ke2 Rc1 49. Rh3 Rc2+ 50. Kf1 Rxc4 51. Rh7 Rc1+ 52. Ke2 Rc2+ 53. Kf1 Bc5 54. Bg3 e3 55. Be1 e2+ 56. Kg2 Rc1 0-1

[Event "Mitropa Online Cup Women 2021"]
[Site "Hybrid"]
[Date "2021.05.04"]
[Round "4.3"]
[White "Olsarova, Karolina"]
[Black "Guichard, Pauline"]
[Result "1/2-1/2"]
[ECO "C60"]
[WhiteElo "2290"]
[BlackElo "2415"]
[Annotator "NA"]
[PlyCount "89"]
[EventDate "2021.05.04"]
[EventType "team-tourn"]
[EventCountry "NET"]
[SourceTitle "playchess.com"]
[Source "ChessBase"]
[SourceQuality "1"]
[WhiteTeam "Czech Republic"]
[BlackTeam "France"]
[WhiteTeamCountry "CZE"]
[BlackTeamCountry "FRA"]
[TimeControl "40/5400+30:1800+30"]

1. e4 e5 2. Nf3 Nc6 3. Bb5 g6 4. c3 Bg7 5. d4 exd4 6. cxd4 a6 7. Ba4 b5 8. Bb3 d6 9. O-O Bg4 10. Be3 Na5 11. Nc3 Nxb3 12. axb3 Ne7 13. h3 Bxf3 14. Qxf3 O-O 15. Rfd1 c6 16. b4 a5 17. bxa5 b4 18. Nb1 Rxa5 19. Nd2 d5 20. e5 f6 21. exf6 Bxf6 22. Bh6 Rxa1 23. Rxa1 Rf7 24. Qd3 Nf5 25. Be3 Re7 26. Nf3 Qb8 27. Qa6 Qe8 28. Qb6 Nxe3 29. fxe3 Rxe3 30. Qxb4 Kg7 31. Ra7+ Re7 32. Rxe7+ Bxe7 33. Qb7 Kh8 34. Ne5 c5 35. Qxd5 cxd4 36. Qe6 Qf8 37. Qd5 Qc8 38. Nd3 Bf6 39. Qd6 Kg7 40. Qd5 Qc2 41. Qb7+ Kh6 42. Qf3 Kg7 43. Qb7+ Kh6 44. Qf3 Kg7 45. Qb7+ 1/2-1/2

[Event "Mitropa Online Cup Women 2021"]
[Site "Hybrid"]
[Date "2021.05.04"]
[Round "4.3"]
[White "Navrotescu, Andreea-Cristiana"]
[Black "Petrova, Kristyna"]
[Result "1-0"]
[ECO "E29"]
[WhiteElo "2247"]
[BlackElo "2303"]
[Annotator "NA"]
[PlyCount "137"]
[EventDate "2021.05.04"]
[EventType "team-tourn"]
[EventCountry "NET"]
[SourceTitle "playchess.com"]
[Source "ChessBase"]
[SourceQuality "1"]
[WhiteTeam "France"]
[BlackTeam "Czech Republic"]
[WhiteTeamCountry "FRA"]
[BlackTeamCountry "CZE"]
[TimeControl "40/5400+30:1800+30"]

1. d4 Nf6 2. c4 e6 3. Nc3 Bb4 4. e3 c5 5. a3 Bxc3+ 6. bxc3 O-O 7. Bd3 d6 8. e4 Nc6 9. Ne2 e5 10. d5 Ne7 11. Bg5 Nh5 12. Rg1 f6 13. Be3 f5 14. exf5 Bxf5 15. g4 Bxd3 16. gxh5 Bxe2 17. Qxe2 Nf5 18. Qg4 Qh4 19. Qxh4 Nxh4 20. Ke2 Rf5 21. Rg5 Raf8 22. Rb1 b6 23. Rbg1 R8f7 24. Rxf5 Rxf5 25. Rg5 Rf7 26. Rg4 Nf5 27. Bd2 Kf8 28. Kd3 Ke7 29. Ke4 Kd7 30. f4 Nh6 31. Rg5 exf4 32. Bxf4 Ng8 33. Rf5 Nf6+ 34. Kd3 g6 35. hxg6 hxg6 36. Rg5 Nh5 37. Be3 Rf6 38. Rg2 Ng7 39. Ke4 Nf5 40. Bg5 Rf7 41. a4 Rh7 42. Bf6 Ne7 43. Bxe7 Kxe7 44. Rxg6 Rxh2 45. Rg7+ Kf6 46. Rxa7 Rh3 47. Rd7 Rxc3 48. Rxd6+ Ke7 49. Rxb6 Rxc4+ 50. Ke5 Rxa4 51. Rb7+ Kd8 52. Ke6 Kc8 53. Rh7 Re4+ 54. Kd6 c4 55. Rc7+ Kd8 56. Ra7 Kc8 57. Kc6 Kb8 58. Ra4 Rh4 59. d6 Rh6 60. Rxc4 Kc8 61. Rg4 Kb8 62. Rg8+ Ka7 63. Kc7 Rh1 64. d7 Rc1+ 65. Kd6 Rd1+ 66. Ke6 Re1+ 67. Kf5 Rf1+ 68. Ke4 Re1+ 69. Kf3 1-0

[Event "Mitropa Online Cup Women 2021"]
[Site "Hybrid"]
[Date "2021.05.04"]
[Round "4.3"]
[White "Afraoui, Anaelle"]
[Black "Kanakova, Natalie"]
[Result "0-1"]
[ECO "B28"]
[WhiteElo "2106"]
[BlackElo "2179"]
[Annotator "NA"]
[PlyCount "64"]
[EventDate "2021.05.04"]
[EventType "team-tourn"]
[EventCountry "NET"]
[SourceTitle "playchess.com"]
[Source "ChessBase"]
[SourceQuality "1"]
[WhiteTeam "France"]
[BlackTeam "Czech Republic"]
[WhiteTeamCountry "FRA"]
[BlackTeamCountry "CZE"]
[TimeControl "40/5400+30:1800+30"]

1. e4 c5 2. Nf3 a6 3. c3 d5 4. e5 d4 5. cxd4 cxd4 6. Bc4 e6 7. O-O Nc6 8. d3 Nge7 9. Bg5 h6 10. Bh4 Qa5 11. Qe2 Nf5 12. Bg3 Be7 13. Nbd2 O-O 14. a3 b5 15. b4 Qb6 16. Bb3 Bb7 17. Rfc1 a5 18. bxa5 Rxa5 19. a4 Qa7 20. Qd1 Ra8 21. Rab1 bxa4 22. Bc4 Ba3 23. Ne4 Bxc1 24. Qxc1 Nxg3 25. fxg3 Nxe5 26. Nxe5 Rxe5 27. Nd6 Bc6 28. Qf4 Re2 29. Rb7 Qxb7 30. Nxb7 Bxb7 31. Qc7 Rxg2+ 32. Kf1 Rb2 0-1

[Event "Mitropa Online Cup Women 2021"]
[Site "Hybrid"]
[Date "2021.05.04"]
[Round "4.4"]
[White "Zimina, Olga"]
[Black "Mueller-Seps, Monika"]
[Result "1/2-1/2"]
[ECO "E91"]
[WhiteElo "2354"]
[BlackElo "2243"]
[Annotator "NA"]
[PlyCount "125"]
[EventDate "2021.05.04"]
[EventType "team-tourn"]
[EventCountry "NET"]
[SourceTitle "playchess.com"]
[Source "ChessBase"]
[SourceQuality "1"]
[WhiteTeam "Italy"]
[BlackTeam "Switzerland"]
[WhiteTeamCountry "ITA"]
[BlackTeamCountry "SUI"]
[TimeControl "40/5400+30:1800+30"]

1. d4 Nf6 2. c4 g6 3. Nc3 Bg7 4. e4 d6 5. Nf3 O-O 6. Be2 Bg4 7. Be3 Nfd7 8. O-O Nc6 9. d5 Bxf3 10. Bxf3 Na5 11. Be2 Bxc3 12. bxc3 e5 13. dxe6 fxe6 14. c5 Nxc5 15. e5 Qe7 16. exd6 cxd6 17. Re1 Nd7 18. Qa4 b6 19. Rad1 Nf6 20. Bg5 Rac8 21. Bf3 Rc4 22. Qa3 Rc5 23. Bd5 Rxd5 24. Rxd5 Qf7 25. Rd3 Nc4 26. Qb3 Ne5 27. Rd2 Nd5 28. c4 Nf4 29. Qe3 Nxc4 30. Qxf4 Qxf4 31. Bxf4 Rxf4 32. Rd3 Kf7 33. g3 Rf5 34. Kg2 b5 35. Rd4 Rc5 36. Rf4+ Ke7 37. Rfe4 Re5 38. Rxe5 Nxe5 39. Rb1 a6 40. a4 bxa4 41. Rb7+ Kf6 42. Ra7 Nc4 43. Rxa6 a3 44. f4 g5 45. fxg5+ Kxg5 46. Rc6 a2 47. Ra6 h5 48. Rxa2 d5 49. Ra8 Ne3+ 50. Kf3 Ng4 51. h3 Nf6 52. Ra7 Kf5 53. Rg7 Ne4 54. h4 e5 55. Ke3 d4+ 56. Kd3 Nf2+ 57. Ke2 Ne4 58. Rg8 Nf6 59. Rg5+ Ke4 60. Rg6 Kf5 61. Rg5+ Ke4 62. Rg6 Kf5 63. Rg5+ 1/2-1/2

[Event "Mitropa Online Cup Women 2021"]
[Site "Hybrid"]
[Date "2021.05.04"]
[Round "4.4"]
[White "Hakimifard, Ghazal"]
[Black "Brunello, Marina"]
[Result "0-1"]
[ECO "B90"]
[WhiteElo "2265"]
[BlackElo "2367"]
[Annotator "NA"]
[PlyCount "110"]
[EventDate "2021.05.04"]
[EventType "team-tourn"]
[EventCountry "NET"]
[SourceTitle "playchess.com"]
[Source "ChessBase"]
[SourceQuality "1"]
[WhiteTeam "Switzerland"]
[BlackTeam "Italy"]
[WhiteTeamCountry "SUI"]
[BlackTeamCountry "ITA"]
[TimeControl "40/5400+30:1800+30"]

1. e4 c5 2. Nf3 d6 3. d4 cxd4 4. Nxd4 Nf6 5. Nc3 a6 6. Be3 e5 7. Nf3 Qc7 8. a4 Be7 9. a5 O-O 10. Be2 Nbd7 11. Nd2 b5 12. axb6 Nxb6 13. Bxb6 Qxb6 14. Nc4 Qc6 15. O-O Rb8 16. Nd5 Nxd5 17. exd5 Qe8 18. Qd2 f5 19. Ra3 Qg6 20. Na5 Bg5 21. Qc3 e4 22. f4 exf3 23. Bxf3 Bf6 24. Qc7 Rxb2 25. Kh1 Bg5 26. Rc3 Qh6 27. Be2 Rb4 28. Nc4 Bf4 29. Rh3 Qg5 30. Rh5 Qg6 31. Rh4 Rb7 32. Qc6 Re7 33. Bf3 Be5 34. Nxe5 Rxe5 35. Bh5 Qg5 36. g3 Qe7 37. Rb4 Re1 38. Kg2 Rxf1 39. Kxf1 f4 40. Rxf4 Rxf4+ 41. gxf4 Bh3+ 42. Kf2 Qh4+ 43. Ke3 Qxh5 44. Qxd6 Qe8+ 45. Kd4 a5 46. c4 a4 47. Qa6 Bf5 48. Kc3 h6 49. Kb4 Bd3 50. d6 Bc2 51. Qa7 Bf5 52. Qxa4 Qe1+ 53. Kc5 Qe3+ 54. Kb4 Qb6+ 55. Kc3 Qxd6 0-1

[Event "Mitropa Online Cup Women 2021"]
[Site "Hybrid"]
[Date "2021.05.04"]
[Round "4.4"]
[White "Heinatz, Gundula"]
[Black "Sedina, Elena"]
[Result "1/2-1/2"]
[ECO "B07"]
[WhiteElo "2131"]
[BlackElo "2291"]
[Annotator "NA"]
[PlyCount "77"]
[EventDate "2021.05.04"]
[EventType "team-tourn"]
[EventCountry "NET"]
[SourceTitle "playchess.com"]
[Source "ChessBase"]
[SourceQuality "1"]
[WhiteTeam "Switzerland"]
[BlackTeam "Italy"]
[WhiteTeamCountry "SUI"]
[BlackTeamCountry "ITA"]
[TimeControl "40/5400+30:1800+30"]

1. d4 Nf6 2. Bf4 d6 3. Nc3 g6 4. Qd2 c6 5. e4 b5 6. a3 Nbd7 7. Nf3 Bg7 8. Rd1 O-O 9. h3 a5 10. Bd3 Qc7 11. O-O e5 12. dxe5 dxe5 13. Bh6 Nc5 14. Bxg7 Kxg7 15. Qe3 Ne6 16. Ne2 Ba6 17. c3 Rfd8 18. Ng5 Nxg5 19. Qxg5 h6 20. Qe3 Qa7 21. Qg3 Qe7 22. f4 Nh5 23. Qf3 Nxf4 24. Nxf4 exf4 25. Qxf4 Rd7 26. Bc2 Rad8 27. Rxd7 Rxd7 28. Bb3 f6 29. h4 Qe5 30. Qf2 Bc8 31. h5 g5 32. Qe3 Re7 33. Re1 f5 34. Qb6 a4 35. Ba2 Qc7 36. Qd4+ Qe5 37. Qb6 Qc7 38. Qd4+ Qe5 39. Qb6 1/2-1/2

[Event "Mitropa Online Cup Women 2021"]
[Site "Hybrid"]
[Date "2021.05.04"]
[Round "4.4"]
[White "Grimaldi, Angela Flavia"]
[Black "Hund, Sarah"]
[Result "1-0"]
[ECO "C55"]
[WhiteElo "2060"]
[BlackElo "2049"]
[Annotator "NA"]
[PlyCount "133"]
[EventDate "2021.05.04"]
[EventType "team-tourn"]
[EventCountry "NET"]
[SourceTitle "playchess.com"]
[Source "ChessBase"]
[SourceQuality "1"]
[WhiteTeam "Italy"]
[BlackTeam "Switzerland"]
[WhiteTeamCountry "ITA"]
[BlackTeamCountry "SUI"]
[TimeControl "40/5400+30:1800+30"]

1. e4 e5 2. Nf3 Nc6 3. Bc4 Nf6 4. d3 Be7 5. h3 d6 6. O-O Na5 7. Bb5+ c6 8. Ba4 b5 9. Bb3 O-O 10. Nbd2 Qc7 11. Re1 Nxb3 12. axb3 Be6 13. Nf1 Rfe8 14. Bd2 g6 15. c4 Reb8 16. Qc2 Nd7 17. Ra5 Bd8 18. b4 Nf8 19. b3 Qe7 20. Ra2 Bb6 21. Rc1 Nd7 22. Bc3 Qf6 23. Qe2 Bd4 24. Nxd4 exd4 25. Bd2 c5 26. bxc5 Nxc5 27. b4 bxc4 28. dxc4 d3 29. Qe3 Nb3 30. Bc3 Qe7 31. Rb1 Bxc4 32. Ra3 d2 33. Nxd2 Nxd2 34. Bxd2 a5 35. Qd4 Be6 36. Bc3 f6 37. Rba1 Rb7 38. Rxa5 Rc8 39. Ra8 Kg7 40. Rxc8 Bxc8 41. Rd1 Rc7 42. Rd3 Qe5 43. Qe3 Qe6 44. Qf4 Rd7 45. h4 Bb7 46. h5 Bxe4 47. Bxf6+ Qxf6 48. Qxe4 Re7 49. Qd4 Re1+ 50. Kh2 Re5 51. hxg6 hxg6 52. f4 Rh5+ 53. Kg1 d5 54. Qxf6+ Kxf6 55. Kf2 Ke6 56. Rb3 d4 57. b5 Rh7 58. b6 Rb7 59. Ke2 Kf5 60. Kd3 Kxf4 61. Kxd4 g5 62. Kc5 g4 63. Kc6 Rh7 64. b7 Rh6+ 65. Kd5 Rh8 66. g3+ Kf5 67. b8=Q 1-0

[Event "Mitropa Online Cup Women 2021"]
[Site "Hybrid"]
[Date "2021.05.04"]
[Round "4.5"]
[White "Cvitan, Ena"]
[Black "Janzelj, Lara"]
[Result "1-0"]
[ECO "D13"]
[WhiteElo "2263"]
[BlackElo "2212"]
[Annotator "NA"]
[PlyCount "89"]
[EventDate "2021.05.04"]
[EventType "team-tourn"]
[EventCountry "NET"]
[SourceTitle "playchess.com"]
[Source "ChessBase"]
[SourceQuality "1"]
[WhiteTeam "Croatia"]
[BlackTeam "Slovenia"]
[WhiteTeamCountry "CRO"]
[BlackTeamCountry "SLO"]
[TimeControl "40/5400+30:1800+30"]

1. d4 d5 2. c4 c6 3. cxd5 cxd5 4. Nc3 Nf6 5. Bf4 Nc6 6. e3 a6 7. Be2 Bf5 8. Nf3 e6 9. Qb3 Na5 10. Qa4+ Nc6 11. Ne5 Qb6 12. O-O Rc8 13. Rac1 Be7 14. g4 g5 15. Nxc6 Rxc6 16. Be5 Bg6 17. f4 h6 18. fxg5 Qxb2 19. gxf6 Bb4 20. Rb1 Bxb1 21. Rxb1 Qxc3 22. Qxb4 Qxb4 23. Rxb4 Rc2 24. Rxb7 O-O 25. Bxa6 Rxa2 26. Bf1 Rc8 27. Rb8 Rxb8 28. Bxb8 Rd2 29. h4 Rb2 30. Bf4 h5 31. gxh5 Rb3 32. Kf2 Ra3 33. Ke1 Ra1+ 34. Ke2 Rb1 35. Kf2 Rb3 36. Be2 Ra3 37. Bf3 Ra2+ 38. Kg3 Ra3 39. h6 Rb3 40. Bh5 Rb7 41. Bd6 Rb3 42. Kf4 Rb1 43. Bxf7+ Kxf7 44. h7 Rf1+ 45. Kg3 1-0

[Event "Mitropa Online Cup Women 2021"]
[Site "Hybrid"]
[Date "2021.05.04"]
[Round "4.5"]
[White "Urh, Zala"]
[Black "Medic, Mirjana"]
[Result "1/2-1/2"]
[ECO "A84"]
[WhiteElo "2173"]
[BlackElo "2147"]
[Annotator "NA"]
[PlyCount "107"]
[EventDate "2021.05.04"]
[EventType "team-tourn"]
[EventCountry "NET"]
[SourceTitle "playchess.com"]
[Source "ChessBase"]
[SourceQuality "1"]
[WhiteTeam "Slovenia"]
[BlackTeam "Croatia"]
[WhiteTeamCountry "SLO"]
[BlackTeamCountry "CRO"]
[TimeControl "40/5400+30:1800+30"]

1. d4 e6 2. Nf3 d5 3. c4 c6 4. e3 f5 5. Bd3 Nf6 6. O-O Bd6 7. b3 Qe7 8. Bb2 O-O 9. Nbd2 b6 10. Rc1 Bb7 11. cxd5 cxd5 12. Qe2 Nc6 13. Ne5 Nb4 14. a4 Rfc8 15. Nb1 Ne4 16. f4 Na2 17. Rxc8+ Rxc8 18. g4 Nb4 19. gxf5 exf5 20. Nd2 Rc7 21. Ndf3 Qe8 22. Rc1 Rxc1+ 23. Bxc1 Qc8 24. Bb2 Nxd3 25. Qxd3 Ba6 26. Qd1 Bb4 27. Qc1 Qxc1+ 28. Bxc1 Be2 29. Kg2 Bd1 30. Nc6 Bf8 31. Nxa7 Bxb3 32. Nc8 Bxa4 33. Nxb6 Bb3 34. Ne5 g6 35. Bb2 Kg7 36. Nbd7 Bd6 37. Bc1 Bb4 38. Nc6 Bd6 39. Nce5 h6 40. Kf3 g5 41. fxg5 hxg5 42. h3 Bd1+ 43. Kg2 g4 44. hxg4 fxg4 45. Nb6 Bxe5 46. dxe5 Bf3+ 47. Kf1 Ng3+ 48. Kf2 Nf5 49. Bb2 Kf7 50. Nc8 Ke6 51. Nd6 Ne7 52. Nb5 Nc6 53. Nd4+ Nxd4 54. Bxd4 1/2-1/2

[Event "Mitropa Online Cup Women 2021"]
[Site "Hybrid"]
[Date "2021.05.04"]
[Round "4.5"]
[White "Vujnovic, Patricija"]
[Black "Rozman, Monika"]
[Result "1/2-1/2"]
[ECO "D00"]
[WhiteElo "2129"]
[BlackElo "2175"]
[Annotator "NA"]
[PlyCount "86"]
[EventDate "2021.05.04"]
[EventType "team-tourn"]
[EventCountry "NET"]
[SourceTitle "playchess.com"]
[Source "ChessBase"]
[SourceQuality "1"]
[WhiteTeam "Croatia"]
[BlackTeam "Slovenia"]
[WhiteTeamCountry "CRO"]
[BlackTeamCountry "SLO"]
[TimeControl "40/5400+30:1800+30"]

1. d4 Nf6 2. Nc3 d5 3. Bf4 Bf5 4. e3 e6 5. Nb5 Na6 6. f3 c6 7. Nc3 Qb6 8. Qd2 Qxb2 9. Rb1 Qa3 10. g4 Bg6 11. h4 Nb4 12. Bd3 Nxa2 13. Nxa2 Qxa2 14. Rxb7 a5 15. Bxg6 hxg6 16. Kf2 Bb4 17. Qd3 Qc4 18. Qxc4 dxc4 19. Ne2 Nd5 20. Bg3 O-O 21. c3 Nxc3 22. Nxc3 Bxc3 23. Rc1 Bb4 24. Rxc4 Rac8 25. Bc7 Rfe8 26. Rxc6 Be7 27. g5 Bd8 28. Bxd8 Rxc6 29. Bxa5 Ra8 30. Bc7 Rc2+ 31. Kg3 Ra3 32. Rb8+ Kh7 33. Bf4 Ra7 34. Rf8 Re2 35. e4 Rd7 36. Be5 Re1 37. Kf2 Rh1 38. Kg3 Rd1 39. Kh3 Rb7 40. Kg3 Rd3 41. Kg4 Re3 42. Kg3 Rd3 43. Kg4 Re3 1/2-1/2